 Dungeon Crawl Stone Soup version 0.30.1-11-g7821555f0a (webtiles) character file.

Game seed: 18327010502163772036

21833 Peloso the Fencer (level 12, -2/110 HPs)
             Began as a Minotaur Fighter on Nov 2, 2023.
             Was a High Priest of Okawaru.
             Slain by a bog body (26 damage)
             ... on level 3 of the Lair of Beasts.
             The game lasted 00:28:57 (16755 turns).

Peloso the Fencer (Minotaur Fighter)               Turns: 16755, Time: 00:28:58

Health: -2/110     AC: 22    Str: 21    XL:     12   Next: 57%
Magic:  12/12      EV:  8    Int:  5    God:    Okawaru [*****.]
Gold:   1327       SH:  7    Dex: 15    Spells: 11/11 levels left

rFire   . . .        b - +1 scimitar (flame)
rCold   . . .        d - +0 buckler
rNeg    . . .        e - +0 plate armour
rPois   .            (helmet restricted)
rElec   .            i - +1 cloak
rCorr   +            C - +0 pair of gloves
SInv    .            k - +0 pair of boots
Will    +....        J - amulet of regeneration Stlth
                     m - ring of resist corrosion
HPRegen 1.18/turn    G - ring of willpower
MPRegen 0.13/turn

%: no passive effects
@: no status effects
A: horns 2, retaliatory headbutt
a: Renounce Religion, Heroism, Finesse, Duel


You were on level 3 of the Lair of Beasts.
You worshipped Okawaru.
Okawaru was extremely pleased with you.
You visited 3 branches of the dungeon, and saw 15 of its levels.
You also visited: Bailey.

You collected 1327 gold pieces.

Inventory:

Hand Weapons
 a - a +4 scimitar
 b - a +1 scimitar of flaming (weapon)
 I - a +0 demon whip of venom
Armour
 d - a +0 buckler (worn)
 e - a +0 plate armour (worn)
 i - a +1 cloak (worn)
 k - a +0 pair of boots (worn)
 n - a +0 crystal plate armour
 C - a +0 pair of gloves (worn)
Jewellery
 g - a ring of flight
 m - a ring of resist corrosion (left hand)
 p - a ring of see invisible
 q - an amulet of faith
 E - a +6 ring of intelligence
 G - a ring of willpower (right hand)
 J - an amulet of regeneration (around neck)
Wands
 l - a wand of polymorph (7)
Scrolls
 c - a scroll of magic mapping
 f - 3 scrolls of enchant armour
 j - a scroll of summoning
 r - 5 scrolls of amnesia
 t - 3 scrolls of poison
 v - 2 scrolls of blinking
 x - a scroll of fog
 y - 4 scrolls of immolation
 B - 2 scrolls of fear
 F - a scroll of teleportation
 K - a scroll of enchant weapon
 L - a scroll of identify
Potions
 h - 2 potions of might
 o - a potion of flight
 s - a potion of mutation
 w - 3 potions of heal wounds
 z - 2 potions of haste
 A - 7 potions of curing
 H - a potion of ambrosia
 M - a potion of invisibility
 N - a potion of brilliance
Miscellaneous
 u - a phial of floods
 D - a condenser vane


   Skills:
 + Level 11.1 Fighting
 + Level 15.1 Long Blades
 + Level 14.0 Armour
 + Level 3.8 Dodging
 + Level 1.5 Stealth
 + Level 10.5 Shields
 + Level 1.5 Invocations


You had 11 spell levels left.
You didn't know any spells.
Your spell library contained the following spells:

 Spells                   Type           Power      Damage    Failure   Level
 Magic Dart               Conj           0%         1d3       100%        1
 Ensorcelled Hibernation  Hex/Ice        0%         N/A       100%        2
 Scorch                   Fire           0%         2d5       100%        2
 Searing Ray              Conj           0%         2d4       100%        2
 Spider Form              Tmut/Pois      0%         N/A       100%        3
 Anguish                  Hex/Necr       0%         N/A       100%        4
 Flame Wave               Conj/Fire      0%         2d4       100%        4
 Fulminant Prism          Conj/Hex       0%         3d5       100%        4
 Leda's Liquefaction      Hex/Erth       0%         N/A       100%        4
 Lee's Rapid Deconstruct  Erth           0%         3d4*      100%        5
 Statue Form              Tmut/Erth      0%         N/A       100%        6
 Storm Form               Tmut/Air       0%         N/A       100%        7
 Maxwell's Capacitive Co  Air            0%         ∞         100%        8
 Summon Lightning Spire   Summ/Air       Unusable   N/A       N/A         4
 Summon Cactus Giant      Summ           Unusable   N/A       N/A         6

Dungeon Overview and Level Annotations

Branches:
Dungeon (11/15)            Temple (1/1) D:7            Lair (3/5) D:8
  Snake (0/4) Lair:2          Orc (0/2) D:9          Bailey (visited)
  Swamp: Lair:2-3    Shoals: Lair:2-3

Altars:
Ashenzari
Dithmenos
Elyvilon
Fedhas
Gozag
Hepliaklqana
Kikubaaqudgha
Nemelex Xobeh
Okawaru
Qazlal
Ru
Trog
Uskayaw
Vehumet
Xom
Zin
The Shining One

Portals:
Trove: D:10 (give +6 demon whip)

Annotations:
Lair:1 3 runed translucent doors, cermafil's ghost, novice DsMo; mihai's ghost, journeyman DESu; mihai's ghost, novice DEEE; zxspectator's ghost, journeyman GrFi


Innate Abilities, Weirdness & Mutations

You have a pair of horns on your head.
You reflexively headbutt those who attack you in melee.


Message History

Okawaru accepts your kill.
Found a stone staircase leading up.
A bog body comes into view.
A swamp worm comes into view.
A bog body comes into view.
The swamp worm moves out of view.
The bog body points at you and mumbles some strange words.
You resist with almost no effort. The bog body closely misses you.
You hit the bog body. You headbutt the bog body.
The bog body is lightly damaged.
You block the bog body's attack.
You slash the bog body! You burn the bog body. You headbutt the bog body!
The bog body is severely damaged.
The swamp worm bites you!!
You hit the bog body. Your headbutt misses the bog body.
The bog body is severely damaged.
The bog body points at you and mumbles some strange words.
The bolt of cold hits you! The swamp worm barely misses you.
You closely miss the bog body. You headbutt the bog body.
The bog body is severely damaged.
The bog body casts a spell at you. The bolt of cold hits you!!
You block the swamp worm's attack.
You slash the bog body! You burn the bog body.
The bog body is almost destroyed.
The bog body touches you. The bog body freezes you!
The swamp worm bites you but does no damage.
Unknown command.
You slash the bog body! You burn the bog body.
You destroy the bog body!
Okawaru accepts your kill.
The bog body touches you but does no damage.
You block the swamp worm's attack.
Your Armour skill increases to level 14!
Unknown command.
The swamp worm attacks as you move away!
The swamp worm bites you!
* * * LOW HITPOINT WARNING * * *
The bog body attacks as you move away! The bog body touches you!
* * * LOW HITPOINT WARNING * * *
The bog body freezes you!!
You die...

...# #.......# .....
< ##...#..# #...P
P.######..#....#
P...# ..............#
....####...........##
............#...⌠⌠..#
......##.......♣..♣.#
........#.#.#..♣..♣
..........#.P.♣♣@†♣
...#..........♣w♣n~♣
..............♣≈ .~♣
##.[...###PP..♣~ .~♣
#.....# ##...♣~ .~♣
##...#####..#♣♣~ .♣♣
#...#.#......♣♣~ .≈
.....#.......♣♣~ ♣~
....##...P...♣


You could see a bog body and a swamp worm.

Vanquished Creatures
  Erica (D:10)
  A catoblepas (Lair:3)
  A centaur warrior (D:10)
  2 two-headed ogres
  Amaemon (D:10)
  A bog body (Lair:3)
  A salamander (Lair:2)
  An oklob plant (Lair:2)
  A cyclops (D:11)
  An ugly thing (D:10)
  3 cane toads
  An orange demon (D:10)
  A gargoyle (D:11)
  4 komodo dragons
  2 rime drakes
  A troll (D:9)
  A hornet (D:9)
  5 polar bears
  3 blink frogs (Lair:1)
  2 wraiths (D:10)
  3 wyverns
  3 shadows
  Grum (Bailey)
  12 yaks
  A steam dragon (D:8)
  5 water moccasins
  3 black bears
  2 orc warriors
  3 sky beasts
  6 ice beasts
  11 wolves
  10 centaurs
  A phantom (D:4)
  5 kobold brigands
  10 bullfrogs
  3 scorpions
  9 gnoll sergeants
  4 wights
  5 troll zombies (D:9)
  22 killer bees
  3 electric eels
  2 howler monkeys
  3 lava snakes (Lair:2)
  2 jellies
  Crazy Yiuf (D:7)
  4 gnoll boudas (Bailey)
  5 hounds
  3 orc priests
  A sleepcap (D:4)
  10 orc wizards
  4 iguanas
  3 ogre zombies (D:9)
  18 gnolls
  8 adders
  2 shadow imps
  4 white imps
  An ufetubus (D:4)
  A worm (D:5)
  3 dart slugs
  43 orcs
  9 ball pythons
  5 endoplasms
  A giant cockroach (D:1)
  9 goblins
  8 hobgoblins
  2 jackals (D:1)
  21 kobolds
  6 quokkas
  5 bats
  2 frilled lizards (D:2)
  2 goblin skeletons (D:9)
  2 goblin zombies (D:9)
  A hobgoblin skeleton (D:9)
  2 hobgoblin zombies (D:9)
  4 orc skeletons (D:9)
  14 orc zombies (D:9)
  5 rats
372 creatures vanquished.

Notes
Turn   | Place    | Note
-------+----------+-------------------------------------------
     0 | D:1      | Peloso the Minotaur Fighter began the quest for the Orb.
     0 | D:1      | Reached XP level 1. HP: 19/19 MP: 0/0
   117 | D:1      | Reached XP level 2. HP: 27/27 MP: 1/1
   641 | D:2      | Reached XP level 3. HP: 33/33 MP: 2/2
   748 | D:2      | Reached skill level 3 in Long Blades
  1391 | D:3      | Reached XP level 4. HP: 40/40 MP: 3/3
  1537 | D:3      | Found a bloodstained altar of Trog.
  1829 | D:3      | Reached skill level 4 in Long Blades
  1870 | D:3      | You fall into a shaft and drop 3 floors!
  1873 | D:6      | Noticed a bullfrog
  1884 | D:6      | Killed a bullfrog
  1885 | D:6      | Reached skill level 5 in Armour
  1885 | D:6      | Reached XP level 5. HP: 44/46 MP: 4/4
  1887 | D:6      | Noticed a sky beast
  1918 | D:6      | Killed a sky beast
  1919 | D:6      | Reached skill level 5 in Long Blades
  2000 | D:6      | Reached skill level 1 in Dodging
  2000 | D:6      | Reached XP level 6. HP: 51/53 MP: 5/5
  2103 | D:6      | Noticed a sky beast
  2116 | D:6      | Killed a sky beast
  2117 | D:6      | Reached skill level 5 in Fighting
  2117 | D:6      | Reached skill level 6 in Long Blades
  2274 | D:6      | Noticed an ice beast
  2279 | D:6      | Reached XP level 7. HP: 57/61 MP: 6/6
  2450 | D:5      | Entered Level 5 of the Dungeon
  2491 | D:5      | Reached skill level 7 in Long Blades
  2535 | D:5      | Found an ancient bone altar of Kikubaaqudgha.
  2536 | D:5      | Found a glowing silver altar of Zin.
  2536 | D:5      | Found a radiant altar of Vehumet.
  2538 | D:5      | Found a sacrificial altar of Ru.
  2743 | D:4      | Reached skill level 5 in Shields
  2758 | D:4      | HP: 1/60 [wight/+3 morningstar (11)]
  2965 | D:4      | Reached XP level 8. HP: 56/68 MP: 7/7
  2970 | D:4      | Reached skill level 8 in Long Blades
  3446 | D:4      | Found a shadowy altar of Dithmenos.
  3639 | D:5      | Reached skill level 9 in Long Blades
  4382 | D:6      | Reached XP level 9. HP: 78/78 MP: 8/8
  4878 | D:7      | Found a shimmering altar of Xom.
  4917 | D:7      | Found a hide-covered altar of Uskayaw.
  5018 | D:7      | Reached skill level 10 in Long Blades
  5187 | D:7      | Found a staircase to the Ecumenical Temple.
  5202 | Temple   | Entered the Ecumenical Temple
  5211 | Temple   | Became a worshipper of Warmaster Okawaru
  5432 | D:7      | Found a runed translucent door.
  5433 | D:7      | Noticed Crazy Yiuf
  5656 | D:7      | Killed Crazy Yiuf
  5791 | D:8      | Noticed a polar bear
  5804 | D:8      | Reached skill level 11 in Long Blades
  5822 | D:8      | Noticed a rime drake
  5825 | D:8      | Killed a polar bear
  5830 | D:8      | Killed a rime drake
  5830 | D:8      | Reached * piety under Okawaru
  5914 | D:8      | Noticed a polar bear
  5924 | D:8      | Killed a polar bear
  5925 | D:8      | Reached XP level 10. HP: 46/88 MP: 9/9
  6090 | D:8      | Reached skill level 12 in Long Blades
  6673 | D:8      | Reached ** piety under Okawaru
  6695 | D:8      | Found a staircase to the Lair.
  7239 | D:9      | Reached skill level 1 in Stealth
  7415 | D:9      | Found a flagged portal.
  7463 | D:10     | Entered Level 10 of the Dungeon
  7480 | Bailey   | Entered a bailey
  8355 | Bailey   | Noticed Grum
  8372 | Bailey   | Killed Grum
  8373 | Bailey   | Reached skill level 10 in Armour
  8722 | D:9      | Reached skill level 13 in Long Blades
  8984 | D:9      | Found a staircase to the Orcish Mines.
  9211 | D:9      | Reached *** piety under Okawaru
  9338 | D:9      | Reached XP level 11. HP: 66/97 MP: 10/10
  9720 | D:10     | Identified the +8 dagger of Leetiv {elec, Str+3}
  9967 | D:10     | Noticed Amaemon
  9992 | D:10     | Killed Amaemon
  9992 | D:10     | Reached **** piety under Okawaru
 10648 | D:10     | Found a portal to a secret trove of treasure.
 10670 | D:10     | Noticed a two-headed ogre
 10681 | D:10     | Killed a two-headed ogre
 10842 | D:10     | Noticed Erica
 10847 | D:10     | Killed Erica
 10848 | D:10     | Reached skill level 14 in Long Blades
 11394 | D:11     | Noticed a centaur warrior
 11673 | D:11     | Noticed a green ugly thing
 11683 | D:10     | Killed a centaur warrior
 11684 | D:10     | Reached skill level 1 in Invocations
 11898 | D:10     | Killed a green ugly thing
 12091 | D:11     | Reached skill level 10 in Fighting
 12454 | D:11     | Noticed a two-headed ogre
 12464 | D:11     | Killed a two-headed ogre
 12791 | Lair:1   | Entered Level 1 of the Lair of Beasts
 12833 | Lair:1   | Found a shadowy altar of Dithmenos.
 13259 | Lair:1   | Reached ***** piety under Okawaru
 13290 | Lair:1   | Reached XP level 12. HP: 95/107 MP: 11/11
 13727 | Lair:1   | Found a stormy altar of Qazlal.
 14351 | Lair:1   | Found a runed translucent gate.
 14351 | Lair:1   | Found a runed translucent gate.
 14351 | Lair:1   | Found a runed translucent gate.
 14353 | Lair:1   | Noticed mihai's ghost (novice DEEE)
 14353 | Lair:1   | Noticed zxspectator's ghost (journeyman GrFi)
 14355 | Lair:1   | Noticed cermafil's ghost (novice DsMo)
 14356 | Lair:1   | Noticed mihai's ghost (journeyman DESu)
 14778 | Lair:2   | Identified the +2 trident "Coskidgh" {freeze, Drain Dex+4
                  | SInv}
 14808 | Lair:2   | Found a staircase to the Snake Pit.
 14824 | Lair:2   | Reached skill level 10 in Shields
 15060 | Lair:2   | Found a bloodstained altar of Trog.
 16038 | Lair:3   | Noticed a catoblepas
 16170 | Lair:3   | Killed a catoblepas
 16288 | Lair:3   | Reached skill level 15 in Long Blades
 16755 | Lair:3   | Slain by a bog body

Illustrated notes

Levels and vault maps discovered:
D:1:      onia_arrival_pyramid, layout_rooms
D:2:      layout_basic
D:3:      layout_loops_ring, mainiacjoe_overflow_cross_hatched,
          hangedman_decor_points
D:4:      layout_rooms, grunt_dithmenos_smoke_and_mirrors
D:5:      layout_rooms, chequers_temple_overflow_statue_of_worship
D:6:      layout_cave_pods, serial_demonic, serial_demonic_g, serial_demonic_g,
          serial_demonic_e, serial_demonic_f
D:7:      layout_basic, mainiacjoe_overflow_two_lobes,
          minmay_temple_entry_ruins, kennysheep_dice, uniq_crazy_yiuf_cottage
D:8:      layout_layer_cave, hellmonk_lair_entry_icy,
          hangedman_abyss_or_decor_passed
D:9:      layout_rooms, zombieorc2_lemuel, enter_bailey_5
D:10:     layout_cave_pods, nicolae_trove_entry_isolated, uniq_erica,
          uniq_amaemon
D:11:     layout_cave_pools
Temple:   eino_narrow_crystal_temple
Lair:1:   layout_layer_cave, gammafunk_ghost_cemetery, basic_altar,
          lemuel_centaur_altar
Lair:2:   layout_regular_city, nicolae_snake_entry_warm_welcome,
          lemuel_oklob_altar, grunt_megastairs_3, serial_bayou_shore_a
Lair:3:   layout_misc_corridors, nicolae_swamp_entry_splash_gauntlet,
          serial_bayou_ford_a

Skill      XL: |  1  2  3  4  5  6  7  8  9 10 11 12 |
---------------+-------------------------------------+-----
Armour         | 4 5 6 7 8 10 12 14 | 14.0
Fighting       | 4 5 6 7 9 10 11 | 11.1
Shields        | 4 5 6 8 9 10 | 10.5
Long Blades    | 3 4 5 6 7 9 11 13 14 15 | 15.1
Dodging        | 1 3 |  3.8
Stealth        | 1 |  1.5
Invocations    | 1 |  1.5

Action                     |  1- 3 |  4- 6 |  7- 9 | 10-12 || total
---------------------------+-------+-------+-------+-------++-------
  Melee: Long sword        |    92 |    98 |   120 |       ||   310
         Headbutt          |    10 |    19 |    50 |   167 ||   246
         Scimitar          |       |       |   188 |   781 ||   969
 Invoke: Heroism           |       |       |       |    13 ||    13
    Use: Potion            |     2 |       |     2 |     2 ||     6
         Scroll            |       |       |    15 |    10 ||    25
 Armour: Scale mail        |    14 |       |       |       ||    14
         Chain mail        |    39 |    74 |    85 |       ||   198
         Plate armour      |       |       |    77 |   553 ||   630
  Dodge: Dodged            |    50 |    45 |    90 |   323 ||   508
  Block: Buckler           |    13 |    29 |    68 |   262 ||   372
